 Dungeon Crawl Stone Soup version 0.26-a0-1058-g8dc6ce00ff (webtiles) character file.

Game seed: 7381281501036539421

245 Froggeryz the Covered (level 6, -5/50 HPs)
             Began as a Gnoll Wanderer on Dec 13, 2020.
             Was an Initiate of Cheibriados.
             Slain by an ogre
             ... wielding a +0 giant spiked club
              (12 damage)
             ... on level 4 of the Dungeon.
             The game lasted 00:04:28 (3710 turns).

Froggeryz the Covered (Gnoll Wanderer)              Turns: 3710, Time: 00:04:29

Health: -5/50      AC:  7    Str: 15    XL:     6   Next: 10%
Magic:  8/8        EV: 11    Int: 18    God:    Cheibriados [......]
Gold:   65         SH:  0    Dex: 15    Spells: 8/8 levels left

rFire    . . .     SeeInvis .   r - +0 flail
rCold    . . .     Faith    .   (no shield)
rNeg     . . .     Spirit   .   v - +0 scale mail (curse)
rPois    .         Reflect  .   (no helmet)
rElec    .         Harm     .   (no cloak)
rCorr    .         Rampage  .   (no gloves)
Will     .....                  (no boots)
Stlth    +.........             (no amulet)
HPRegen  0.16/turn              (no ring)
MPRegen  0.11/turn              (no ring)

@: very slow
A: distributed training, fangs 1, strong nose
a: Bend Time, Renounce Religion


You were on level 4 of the Dungeon.
You worshipped Cheibriados.
Cheibriados was noncommittal.
You visited 2 branches of the dungeon, and saw 5 of its levels.

You collected 65 gold pieces.

Inventory:

Hand Weapons
 r - a +0 flail (weapon)
Missiles
 g - 11 poisoned darts (quivered)
 t - 5 atropa-tipped darts
Armour
 v - a cursed +0 scale mail (worn)
Wands
 p - a wand of flame (14)
Scrolls
 a - a scroll of amnesia {unknown}
 b - 2 scrolls of magic mapping {unknown}
 c - a scroll of blinking
 d - 2 scrolls of teleportation
 f - 6 scrolls of identify {unknown}
 h - 2 scrolls of remove curse {unknown}
 j - a scroll of enchant weapon {unknown}
 m - a scroll of immolation {unknown}
 n - 2 scrolls of fear {unknown}
Potions
 e - 2 potions of heal wounds {unknown}
 i - a potion of curing {unknown}
 k - a potion of resistance {unknown}
 o - a potion of haste {unknown}
 q - a potion of attraction {unknown}
 s - a potion of might {unknown}
 u - a potion of flight {unknown}


   Skills:
 + Level 4.9 Fighting
 + Level 1.8 Short Blades
 + Level 1.8 Long Blades
 + Level 1.8 Axes
 + Level 4.9 Maces & Flails
 + Level 1.8 Polearms
 + Level 1.8 Staves
 + Level 1.8 Slings
 + Level 1.8 Bows
 + Level 1.8 Crossbows
 + Level 3.1 Throwing
 + Level 4.9 Armour
 + Level 3.1 Dodging
 + Level 3.0 Stealth
 + Level 1.8 Shields
 + Level 3.1 Unarmed Combat
 + Level 1.8 Spellcasting
 + Level 1.4 Conjurations
 + Level 1.4 Hexes
 + Level 1.4 Summonings
 + Level 1.4 Necromancy
 + Level 1.4 Translocations
 + Level 1.4 Transmutations
 + Level 1.4 Fire Magic
 + Level 1.4 Ice Magic
 + Level 1.4 Air Magic
 + Level 1.4 Earth Magic
 + Level 1.4 Poison Magic
 + Level 2.0 Invocations
 + Level 1.8 Evocations


You had 8 spell levels left.
You didn't know any spells.
Your spell library was empty.

Dungeon Overview and Level Annotations

Branches:
Dungeon (4/15)             Temple (1/1) D:4

Altars:
Ashenzari
Cheibriados
Elyvilon
Gozag
Hepliaklqana
Makhleb
Qazlal
Ru
Uskayaw
Vehumet
Yredelemnul


Innate Abilities, Weirdness & Mutations

Your experience applies equally to all skills.
You have very sharp teeth.
Your uncanny sense of smell can sniff out nearby items.


Message History

You sock the ogre!
The ogre is moderately wounded.
The ogre hits you with a +0 giant spiked club!!
Ouch! That really hurt!
You are too injured to fight recklessly!
You are too injured to fight recklessly!
You are too injured to fight recklessly!
You closely miss the ogre.
The ogre is moderately wounded.
You hit the ogre.
The ogre is heavily wounded.
The ogre hits you with a +0 giant spiked club!
* * * LOW HITPOINT WARNING * * *
You completely miss the ogre. You bite the ogre.
The ogre is severely wounded.
The ogre barely misses you.
You barely miss the ogre.
The ogre is severely wounded.
The ogre hits you with a +0 giant spiked club!
You die...

########## . ..#.....#
# .##.#.....# ..... ..
......... .....
#.##......# .... ∆
..........## ..#
...........O...#
..###.... #..@...#
......... #......#
.........#####......#
#.#..........'......+
.#.#.....#####......#
#.#.#....#.###.#######.
.>.#...................
#.#.#....#.###.########
.#.#.....#.............


You could see an ogre.

Vanquished Creatures
  2 orc priests
  Ijyb (D:3)
  A worker ant (D:4)
  4 gnolls (D:3)
  2 adders
  An ooze (D:1)
  2 worms (D:2)
  A dart slug (D:3)
  A leopard gecko (D:2)
  7 orcs
  7 bats
  A giant cockroach (D:3)
  8 goblins
  7 hobgoblins
  2 frilled lizards
  8 kobolds
  A leopard gecko skeleton (D:3)
  8 rats
64 creatures vanquished.

Notes
Turn   | Place    | Note
-------+----------+-------------------------------------------
     0 | D:1      | Froggeryz the Gnoll Wanderer began the quest for the Orb.
     0 | D:1      | Froggeryz set off with the following items: a +0 mace, a
                  | potion of berserk rage, a scroll of blinking, a scroll of
                  | teleportation, a +0 robe
     0 | D:1      | Reached XP level 1. HP: 20/20 MP: 1/1
   153 | D:1      | Reached XP level 2. HP: 25/26 MP: 2/2
   742 | D:2      | Found a broken altar of Ashenzari.
   931 | D:2      | Reached XP level 3. HP: 16/31 MP: 3/3
  1334 | D:2      | Reached skill level 1 in Invocations
  1845 | D:3      | Noticed Ijyb
  1858 | D:3      | Killed Ijyb
  1859 | D:3      | Reached skill level 1 in Short Blades
  1859 | D:3      | Reached skill level 1 in Long Blades
  1859 | D:3      | Reached skill level 1 in Axes
  1859 | D:3      | Reached skill level 1 in Polearms
  1859 | D:3      | Reached skill level 1 in Staves
  1859 | D:3      | Reached skill level 1 in Slings
  1859 | D:3      | Reached skill level 1 in Bows
  1859 | D:3      | Reached skill level 1 in Crossbows
  1859 | D:3      | Reached skill level 1 in Shields
  1859 | D:3      | Reached skill level 1 in Spellcasting
  1859 | D:3      | Reached skill level 1 in Evocations
  1859 | D:3      | Reached XP level 4. HP: 20/38 MP: 5/5
  2139 | D:3      | Reached skill level 1 in Conjurations
  2139 | D:3      | Reached skill level 1 in Hexes
  2139 | D:3      | Reached skill level 1 in Summonings
  2139 | D:3      | Reached skill level 1 in Necromancy
  2139 | D:3      | Reached skill level 1 in Translocations
  2139 | D:3      | Reached skill level 1 in Transmutations
  2139 | D:3      | Reached skill level 1 in Fire Magic
  2139 | D:3      | Reached skill level 1 in Ice Magic
  2139 | D:3      | Reached skill level 1 in Air Magic
  2139 | D:3      | Reached skill level 1 in Earth Magic
  2139 | D:3      | Reached skill level 1 in Poison Magic
  2154 | D:3      | Reached XP level 5. HP: 5/43 MP: 6/6
  3368 | D:3      | Found a faded altar of an unknown god.
  3395 | D:4      | Found a staircase to the Ecumenical Temple.
  3402 | Temple   | Entered the Ecumenical Temple
  3496 | Temple   | Became a worshipper of Cheibriados the Contemplative
  3676 | D:4      | Reached XP level 6. HP: 50/50 MP: 8/8
  3710 | D:4      | Slain by an ogre

Illustrated notes

Levels and vault maps discovered:
D:1:      dpeg_arrival_pond, layout_basic
D:2:      minmay_angry_zag, layout_loops_ring, evilmike_ruin_ashenzari
D:3:      mumra_celtic_spiral_tile, layout_basic,
          chequers_ecumenical_altar_twisty, uniq_ijyb
D:4:      layout_basic, zin_purify, led_sif_book, minmay_temple_entry_grid,
          serial_shops, shop, nicolae_qazlal_general_emergency,
          uniq_blork_the_orc
Temple:   zaba_magenta_temple

Skill      XL: |  1  2  3  4  5 |
---------------+----------------+-----
Invocations    | 1 2 |  2.0
Short Blades   | 1 |  1.8
Long Blades    | 1 |  1.8
Axes           | 1 |  1.8
Polearms       | 1 |  1.8
Staves         | 1 |  1.8
Slings         | 1 |  1.8
Bows           | 1 |  1.8
Crossbows      | 1 |  1.8
Shields        | 1 |  1.8
Spellcasting   | 1 |  1.8
Evocations     | 1 |  1.8
Conjurations   | 1 |  1.4
Hexes          | 1 |  1.4
Summonings     | 1 |  1.4
Necromancy     | 1 |  1.4
Translocations | 1 |  1.4
Transmutations | 1 |  1.4
Fire Magic     | 1 |  1.4
Ice Magic      | 1 |  1.4
Air Magic      | 1 |  1.4
Earth Magic    | 1 |  1.4
Poison Magic   | 1 |  1.4
Throwing       | 3 |  3.1
Dodging        | 3 |  3.1
Unarmed Combat | 3 |  3.1
Stealth        | 3 |  3.0
Fighting       | |  4.9
Maces & Flails | |  4.9
Armour         | |  4.9

Action                   |  1- 3 |  4- 6 || total
-------------------------+-------+-------++-------
Melee: Mace              |   118 |    25 ||   143
       Bite              |    11 |     6 ||    17
       Punch             |     2 |     1 ||     3
       Flail             |       |    82 ||    82
Throw: Dart              |       |    16 ||    16
  Use: Scroll            |       |     1 ||     1
       Potion            |       |     1 ||     1
 Stab: Sleeping          |     2 |     2 ||     4
Armor: Robe              |     3 |       ||     3
       Ring mail         |    34 |    31 ||    65
       Scale mail        |       |     3 ||     3
Dodge: Dodged            |    58 |    62 ||   120

Table legend: (Time is in decaauts)
 A = Elapsed time spent in this place.
 B = Non-inter-level travel time spent in this place.
 C = Inter-level travel time spent in this place.
 D = Time resting spent in this place.
 E = Time spent auto-exploring this place.
 F = Levels seen in this place.
 G = Mean time per level.
                   A        B        C        D        E       F      G
               +--------+--------+--------+--------+--------+-----+--------+
         Total |   3773 |   3711 |     62 |   1110 |   1966 |   5 |  754.6 |
       Dungeon |   3661 |   3634 |     27 |   1110 |   1909 |   4 |  915.2 |
        Temple |    111 |     76 |     35 |      0 |     57 |   1 |  111.0 |
               +--------+--------+--------+--------+--------+-----+--------+

Top non-repeatable levels by time:
     D:3: 1639 daAuts
     D:2: 1160 daAuts
     D:1: 627 daAuts
     D:4: 235 daAuts
  Temple: 111 daAuts
